 Dungeon Crawl Stone Soup version 0.27.1-34-g3ba077fa99 (webtiles) character file.

Game seed: 4240526682001401748

62 squill the Conjurer (level 4, -1/36 HPs)
             Began as a Hill Orc Conjurer on Jan 8, 2022.
             Was a Follower of Jiyva.
             Slain by a hobgoblin (7 damage)
             ... led by Robin
             ... on level 2 of the Dungeon.
             The game lasted 00:04:25 (2467 turns).

squill the Conjurer (Hill Orc Conjurer)             Turns: 2467, Time: 00:04:25

Health: -1/36      AC:  2    Str:  8    XL:     4   Next: 8%
Magic:  1/7        EV: 11    Int: 19    God:    Jiyva [*.....]
Gold:   71         SH:  0    Dex: 10    Spells: 6/7 levels left

rFire    . . .     SeeInvis .   d - +0 hand axe
rCold    . . .     Faith    .   (no shield)
rNeg     . . .     Spirit   .   a - +0 robe
rPois    .         Reflect  .   (no helmet)
rElec    .         Harm     .   (no cloak)
rCorr    .         Rampage  .   (no gloves)
Will     .....                  (no boots)
Stlth    ++........             (no amulet)
HPRegen  0.12/turn              (no ring)
MPRegen  0.10/turn              (no ring)

@: no status effects
A: no striking features
a: Renounce Religion, Request Jelly


You were on level 2 of the Dungeon.
You worshipped Jiyva.
Jiyva was aware of your devotion.
You visited 1 branch of the dungeon, and saw 2 of its levels.

You collected 71 gold pieces.

Inventory:

Hand Weapons
 c - a +0 dagger
 d - a +0 hand axe (weapon)
 f - a +0 dagger of venom
Armour
 a - a +0 robe (worn)
Scrolls
 e - a scroll of identify {unknown}
Potions
 b - 2 potions of resistance {unknown}
 g - a potion of mutation {unknown}
 h - a potion of attraction {unknown}


   Skills:
 + Level 2.0 Fighting
 + Level 1.7 Armour
 - Level 1.5 Dodging
 - Level 1.5 Stealth
 + Level 2.1 Spellcasting
 + Level 4.4 Conjurations


You had 6 spell levels left.
You knew the following spells:

 Your Spells              Type           Power      Damage    Failure   Level
a - Magic Dart            Conj           72%        1d6       2%          1

Your spell library contained the following spells:

 Spells                   Type           Power      Damage    Failure   Level
 Searing Ray              Conj           36%        3d4       4%          2
 Dazzling Flash           Conj/Hex       20%        N/A       21%         3
 Ozocubu's Armour         Ice            2%         N/A       45%         3
 Fulminant Prism          Conj/Hex       5%         3d7       56%         4
 Iskenderun's Mystic Bla  Conj/Tloc      10%        2d4       56%         4
 Metabolic Englaciation   Hex/Ice        1%         N/A       99%         5
 Simulacrum               Ice/Necr       1%         N/A       100%        6


Dungeon Overview and Level Annotations

Branches:
Dungeon (2/15)

Altars:
Kikubaaqudgha
Jiyva

Annotations:
D:2 Robin


Message History

The magic dart hits Robin.
Robin is severely wounded.
The hobgoblin misses you.
Robin hits you with a +2 vampiric falchion.
Robin draws strength from your wounds!
Casting: Magic Dart (safe; 2% risk of failure)
Confirm with . or Enter, or press ? or * to list all spells.
Aiming: Magic Dart (safe; 2% risk of failure)
Press: ? - help, Shift-Dir - straight line, f/p - Robin
Aim: Robin, wielding a +2 vampiric falchion, wearing a +0 animal skin and wearing a +0 helmet (heavily wounded, 100% to hit)
The magic dart hits Robin.
Robin is severely wounded.
The hobgoblin barely misses you.
Robin says, "Feeling lonely?"
Robin barely misses you.
Casting: Magic Dart (safe; 2% risk of failure)
Confirm with . or Enter, or press ? or * to list all spells.
Aiming: Magic Dart (safe; 2% risk of failure)
Press: ? - help, Shift-Dir - straight line, f/p - Robin
Aim: Robin, wielding a +2 vampiric falchion, wearing a +0 animal skin and wearing a +0 helmet (severely wounded, 100% to hit)
The magic dart hits Robin but does no damage.
Robin is severely wounded.
The hobgoblin hits you.
Robin hits you with a +2 vampiric falchion!
Robin draws strength from your wounds!
Casting: Magic Dart (safe; 2% risk of failure)
Confirm with . or Enter, or press ? or * to list all spells.
Aiming: Magic Dart (safe; 2% risk of failure)
Press: ? - help, Shift-Dir - straight line, f/p - Robin
Aim: Robin, wielding a +2 vampiric falchion, wearing a +0 animal skin and wearing a +0 helmet (heavily wounded, 100% to hit)
The magic dart hits Robin.
Robin is severely wounded.
The hobgoblin hits you.
Robin hits you with a +2 vampiric falchion.
* * * LOW HITPOINT WARNING * * *
Robin draws strength from your wounds! The hobgoblin barely misses you.
There is a stone staircase leading up, spattered with blood here.
The hobgoblin hits you!
You die...

# #.ggg....# #
###g###### #.# # #)#
#.# #.# #.# ##g## #.#
##..g## #.# ##)....##
#.# ##.......## ##.##
##.........####g@.##
.'.........'..gg...###
##.........###.......#
##.......## #.#.###.#
##.....## #.#.# #.#
##...## #.#.###†#
##'## #....##.# #.#
#.......# ######.#
###.#####


You could see Robin and 2 hobgoblins.

Vanquished Creatures
  Natasha (D:2)
  A dart slug (D:1)
  4 ball pythons (D:1)
  3 bats
  12 goblins
  4 hobgoblins (D:1)
  A quokka (D:1)
  2 frilled lizards (D:1)
  A kobold (D:1)
  7 rats
36 creatures vanquished.

Vanquished Creatures (others)
  Natasha (D:2)
  An adder (D:2)
  4 endoplasms (D:2)
  A bat (D:2)
  A giant cockroach (D:2)
  A goblin (D:2)
  2 hobgoblins (D:2)
  2 jackals (D:2)
13 creatures vanquished.

Grand Total: 49 creatures vanquished

Notes
Turn   | Place    | Note
-------+----------+-------------------------------------------
     0 | D:1      | squill the Hill Orc Conjurer began the quest for the Orb.
     0 | D:1      | Reached XP level 1. HP: 14/14 MP: 3/3
   283 | D:1      | Reached XP level 2. HP: 18/22 MP: 0/4
   557 | D:1      | Reached skill level 1 in Fighting
   719 | D:1      | Reached skill level 1 in Armour
  1237 | D:1      | Reached XP level 3. HP: 28/28 MP: 5/5
  1352 | D:1      | Found a faded altar of an unknown god.
  1375 | D:1      | Became a worshipper of Jiyva Jeunkak the Shapeless
  1375 | D:1      | Reached * piety under Jiyva
  1598 | D:2      | Noticed Natasha
  1604 | D:2      | Killed Natasha
  1766 | D:2      | Found an ancient bone altar of Kikubaaqudgha.
  1776 | D:2      | Killed Natasha
  1969 | D:2      | Noticed Robin
  2264 | D:1      | Reached XP level 4. HP: 18/36 MP: 3/7
  2467 | D:2      | Slain by a hobgoblin

Illustrated notes

Levels and vault maps discovered:
D:1:      minmay_arrival_stair_chambers, layout_basic,
          hellmonk_ecumenical_altar_run_dry
D:2:      layout_loops_corners, basic_altar, uniq_robin, uniq_natasha

Skill      XL: |  1  2  3  4 |
---------------+-------------+-----
Fighting       | 1 2 |  2.0
Armour         | 1 |  1.7
Spellcasting   | 2 |  2.1
Dodging        | |  1.5
Stealth        | |  1.5
Conjurations   | |  4.4

Action                   |  1- 3 |  4- 6 || total
-------------------------+-------+-------++-------
Melee: Unarmed           |     7 |       ||     7
       Hand axe          |    18 |       ||    18
       Dagger            |    45 |       ||    45
 Cast: Magic Dart        |    30 |    10 ||    40
 Stab: Sleeping          |     4 |       ||     4
Armor: Robe              |    23 |     1 ||    24
Dodge: Dodged            |    59 |     6 ||    65
